[ AOE2 MATCH · #495840839 ]
UnrankedHuns vs Koreans
Player's team · WIN
Rival team · LOSS
[ REPLAY ANALYSIS · EXTRACTED FROM THE RECORDED GAME ]
Feudal
9:44
Castle
19:06
Imperial
30:24
| APM avg | 60.4 |
| APM peak | 88 |
| eAPM avg | 27.9 |
| Villagers / military | 120 / 103 |
Focus
⚔️ 39.0% · 🌾 61.0%
Knight ×53 · Fishing Ship ×35 · Scout Cavalry ×19 · Skirmisher ×16 · Cavalry Archer ×9 · Galley ×3
Feudal
9:18
Castle
15:44
Imperial
37:31
| APM avg | 57.0 |
| APM peak | 108 |
| eAPM avg | 35.5 |
| Villagers / military | 119 / 101 |
Focus
⚔️ 45.9% · 🌾 54.1%
Fire Lancer ×25 · Skirmisher ×23 · Cavalry Archer ×20 · Archer ×13 · Knight ×13 · Fishing Ship ×10
Match map
Initial resources + every placement click. Lines = walls · curves = elevation contours. ◆ gold · ⬟ stone · ● berries · ✦ relic · ◌ wall gap
Your base· Open — unwalled flank
Santiago Villalobos's base· Open — unwalled flank
Smoothed initial terrain · ◌ = detected wall gap · hover for details
Inputs per minute
— [CLB]PEGASO - - Santiago Villalobos
Build order — [CLB]PEGASO
First 150 of 384 actions detected
| 0:01 | Queue | Villager (Male) |
| 0:01 | Queue | Villager (Male) |
| 0:04 | Queue | Villager (Male) |
| 0:04 | Queue | Villager (Male) |
| 1:25 | Queue | Villager (Male) |
| 1:44 | Queue | Villager (Male) |
| 2:25 | Build | Lumber Camp |
| 2:28 | Queue | Villager (Male) |
| 2:53 | Queue | Villager (Male) |
| 2:55 | Queue | Villager (Male) |
| 3:20 | Queue | Villager (Male) |
| 3:45 | Queue | Villager (Male) |
| 3:46 | Queue | Villager (Male) |
| 4:16 | Queue | Villager (Male) |
| 4:23 | Build | Dock |
| 4:26 | Build | Palisade Wall |
| 4:27 | Build | Palisade Wall |
| 4:33 | Queue | Villager (Male) |
| 4:49 | Queue | Villager (Male) |
| 4:49 | Queue | Villager (Male) |
| 5:09 | Queue | Fishing Ship |
| 5:09 | Queue | Fishing Ship |
| 5:37 | Queue | Villager (Male) |
| 5:48 | Queue | Villager (Male) |
| 5:54 | Queue | Fishing Ship |
| 5:54 | Queue | Fishing Ship |
| 5:58 | Queue | Villager (Male) |
| 6:06 | Queue | Villager (Male) |
| 6:47 | Research | Loom |
| 6:51 | Queue | Fishing Ship |
| 7:34 | Research | Feudal Age |
| 8:18 | Build | Lumber Camp |
| 8:47 | Queue | Fishing Ship |
| 9:14 | Queue | Fishing Ship |
| 9:41 | Queue | Villager (Male) |
| 9:44 | Age | Feudal Age |
| 9:51 | Queue | Galley |
| 9:57 | Build | Dock |
| 9:59 | Queue | Villager (Male) |
| 10:21 | Queue | Villager (Male) |
| 10:25 | Research | Double-Bit Axe |
| 10:29 | Build | Palisade Wall |
| 10:31 | Build | Palisade Wall |
| 10:32 | Build | Palisade Wall |
| 10:40 | Queue | Villager (Male) |
| 10:48 | Queue | Villager (Male) |
| 10:54 | Build | Mining Camp |
| 10:58 | Queue | Galley |
| 11:04 | Queue | Villager (Male) |
| 11:08 | Build | Barracks |
| 11:14 | Queue | Villager (Male) |
| 11:25 | Queue | Fishing Ship |
| 11:35 | Queue | Fishing Ship |
| 11:36 | Queue | Fishing Ship |
| 11:38 | Queue | Villager (Male) |
| 11:53 | Queue | Spearman |
| 11:54 | Build | Palisade Wall |
| 12:04 | Queue | Fishing Ship |
| 12:11 | Queue | Villager (Male) |
| 12:24 | Queue | Villager (Male) |
| 12:37 | Queue | Villager (Male) |
| 12:39 | Build | Stable |
| 12:51 | Build | Palisade Wall |
| 12:55 | Queue | Fishing Ship |
| 13:08 | Queue | Fishing Ship |
| 13:09 | Queue | Fishing Ship |
| 13:10 | Queue | Fishing Ship |
| 13:16 | Research | Tech 906 |
| 13:17 | Research | Tech 906 |
| 13:29 | Queue | Scout Cavalry |
| 13:29 | Queue | Scout Cavalry |
| 13:43 | Queue | Fishing Ship |
| 13:53 | Queue | Villager (Male) |
| 13:56 | Build | Blacksmith |
| 14:07 | Queue | Scout Cavalry |
| 14:20 | Queue | Fishing Ship |
| 14:23 | Queue | Fishing Ship |
| 14:29 | Queue | Scout Cavalry |
| 14:38 | Build | Mill |
| 14:56 | Queue | Villager (Male) |
| 15:20 | Queue | Villager (Male) |
| 15:26 | Build | Farm |
| 15:28 | Queue | Fishing Ship |
| 15:31 | Queue | Fishing Ship |
| 16:26 | Research | Castle Age |
| 16:26 | Research | Castle Age |
| 16:27 | Build | Archery Range |
| 16:29 | Build | Archery Range |
| 16:44 | Build | Watch Tower |
| 16:51 | Research | Fletching |
| 17:12 | Queue | Skirmisher |
| 17:29 | Build | Dock |
| 17:40 | Queue | Skirmisher |
| 17:40 | Queue | Skirmisher |
| 17:56 | Build | Palisade Wall |
| 17:59 | Build | Palisade Wall |
| 18:06 | Queue | Skirmisher |
| 18:08 | Research | Padded Archer Armor |
| 18:16 | Build | Market |
| 18:26 | Queue | Skirmisher |
| 18:26 | Queue | Skirmisher |
| 19:00 | Build | Watch Tower |
| 19:06 | Age | Castle Age |
| 19:24 | Queue | Villager (Male) |
| 19:26 | Research | Bodkin Arrow |
| 19:37 | Research | Elite Skirmisher (upgrade) |
| 19:38 | Queue | Villager (Male) |
| 19:57 | Queue | Galley |
| 19:59 | Queue | Fishing Ship |
| 20:01 | Queue | Fishing Ship |
| 20:02 | Queue | Fishing Ship |
| 20:09 | Research | Gillnets |
| 20:19 | Research | Leather Archer Armor |
| 20:19 | Research | Leather Archer Armor |
| 20:21 | Queue | Skirmisher |
| 20:21 | Queue | Skirmisher |
| 20:45 | Queue | Villager (Male) |
| 20:47 | Build | University |
| 21:05 | Queue | Villager (Male) |
| 21:07 | Queue | Skirmisher |
| 21:07 | Queue | Skirmisher |
| 21:25 | Research | Ballistics |
| 21:30 | Queue | Villager (Male) |
| 21:35 | Queue | Villager (Male) |
| 21:44 | Queue | Skirmisher |
| 21:44 | Queue | Skirmisher |
| 22:18 | Queue | Villager (Male) |
| 22:19 | Queue | Skirmisher |
| 22:19 | Queue | Skirmisher |
| 22:29 | Queue | Skirmisher |
| 22:29 | Queue | Skirmisher |
| 22:36 | Build | Town Center |
| 22:53 | Queue | Villager (Male) |
| 23:00 | Queue | Fishing Ship |
| 23:01 | Queue | Fishing Ship |
| 23:07 | Queue | Villager (Male) |
| 23:09 | Queue | Fishing Ship |
| 23:10 | Queue | Fishing Ship |
| 23:25 | Queue | Villager (Male) |
| 23:26 | Queue | Cavalry Archer |
| 23:57 | Queue | Villager (Male) |
| 23:58 | Queue | Villager (Male) |
| 24:19 | Queue | Villager (Male) |
| 24:20 | Queue | Cavalry Archer |
| 24:21 | Queue | Cavalry Archer |
| 24:21 | Queue | Cavalry Archer |
| 24:37 | Queue | Villager (Male) |
| 24:39 | Research | Bow Saw |
| 24:39 | Research | Bow Saw |
| 24:41 | Queue | Villager (Male) |
Build order — Santiago Villalobos
First 150 of 342 actions detected
| 0:00 | Queue | Villager (Male) |
| 0:00 | Queue | Villager (Male) |
| 0:02 | Build | House |
| 0:03 | Build | House |
| 0:07 | Queue | Villager (Male) |
| 0:09 | Queue | Villager (Male) |
| 1:24 | Queue | Villager (Male) |
| 1:53 | Queue | Villager (Male) |
| 1:53 | Queue | Villager (Male) |
| 2:14 | Build | Lumber Camp |
| 2:28 | Queue | Villager (Male) |
| 2:54 | Queue | Villager (Male) |
| 3:14 | Queue | Villager (Male) |
| 3:15 | Queue | Villager (Male) |
| 3:31 | Queue | Villager (Male) |
| 3:32 | Queue | Villager (Male) |
| 3:32 | Queue | Villager (Male) |
| 4:08 | Queue | Villager (Male) |
| 4:08 | Queue | Villager (Male) |
| 4:13 | Build | House |
| 4:27 | Queue | Villager (Male) |
| 4:27 | Queue | Villager (Male) |
| 4:50 | Build | Dock |
| 5:12 | Build | House |
| 5:28 | Queue | Villager (Male) |
| 5:29 | Queue | Villager (Male) |
| 5:29 | Queue | Villager (Male) |
| 5:43 | Queue | Villager (Male) |
| 5:57 | Queue | Villager (Male) |
| 6:22 | Research | Loom |
| 6:25 | Queue | Fishing Ship |
| 6:55 | Queue | Fishing Ship |
| 7:06 | Research | Feudal Age |
| 7:06 | Research | Feudal Age |
| 7:29 | Build | Palisade Wall |
| 7:51 | Queue | Fishing Ship |
| 7:56 | Build | House |
| 8:26 | Build | Mining Camp |
| 8:52 | Queue | Fishing Ship |
| 9:02 | Queue | Villager (Male) |
| 9:02 | Queue | Villager (Male) |
| 9:02 | Queue | Villager (Male) |
| 9:18 | Age | Feudal Age |
| 9:21 | Research | Double-Bit Axe |
| 9:38 | Queue | Fishing Ship |
| 9:38 | Queue | Fishing Ship |
| 9:47 | Queue | Villager (Male) |
| 9:49 | Build | House |
| 10:23 | Queue | Villager (Male) |
| 10:27 | Build | Mill |
| 10:38 | Queue | Villager (Male) |
| 11:15 | Build | Market |
| 11:46 | Queue | Villager (Male) |
| 12:01 | Build | Blacksmith |
| 12:05 | Queue | Villager (Male) |
| 12:09 | Queue | Fishing Ship |
| 12:52 | Build | House |
| 13:04 | Research | Castle Age |
| 13:04 | Research | Castle Age |
| 13:19 | Research | Gold Mining |
| 13:19 | Research | Gold Mining |
| 13:30 | Build | Barracks |
| 13:49 | Research | Fletching |
| 13:49 | Research | Fletching |
| 14:01 | Build | House |
| 14:05 | Queue | Spearman |
| 14:08 | Queue | Spearman |
| 14:30 | Build | Archery Range |
| 15:08 | Build | Archery Range |
| 15:18 | Queue | Villager (Male) |
| 15:22 | Queue | Archer |
| 15:22 | Queue | Archer |
| 15:24 | Queue | Archer |
| 15:41 | Queue | Spearman |
| 15:44 | Age | Castle Age |
| 15:45 | Queue | Archer |
| 15:54 | Queue | Spearman |
| 16:05 | Queue | Archer |
| 16:05 | Queue | Archer |
| 16:05 | Queue | Archer |
| 16:17 | Queue | Archer |
| 16:23 | Build | Farm |
| 16:23 | Queue | Villager (Male) |
| 16:24 | Queue | Villager (Male) |
| 16:26 | Queue | Archer |
| 16:48 | Research | Bodkin Arrow |
| 16:48 | Research | Bodkin Arrow |
| 16:52 | Build | House |
| 17:08 | Queue | Spearman |
| 17:15 | Build | House |
| 17:17 | Build | House |
| 17:24 | Queue | Villager (Male) |
| 17:34 | Queue | Archer |
| 17:35 | Queue | Spearman |
| 17:45 | Queue | Fishing Ship |
| 17:45 | Queue | Fishing Ship |
| 17:57 | Queue | Villager (Male) |
| 18:01 | Build | Farm |
| 18:09 | Build | Farm |
| 18:13 | Queue | Archer |
| 18:30 | Build | Town Center |
| 18:33 | Queue | Villager (Male) |
| 18:44 | Queue | Archer |
| 18:44 | Queue | Archer |
| 19:07 | Queue | Villager (Male) |
| 19:35 | Build | House |
| 19:35 | Build | House |
| 19:37 | Research | Crossbowman (upgrade) |
| 19:37 | Research | Crossbowman (upgrade) |
| 19:51 | Queue | Fishing Ship |
| 20:05 | Queue | Villager (Male) |
| 20:28 | Queue | Villager (Male) |
| 20:44 | Queue | Villager (Male) |
| 20:51 | Build | House |
| 20:56 | Queue | Villager (Male) |
| 21:01 | Queue | Villager (Male) |
| 21:03 | Build | University |
| 21:07 | Build | Farm |
| 21:07 | Build | Farm |
| 21:07 | Build | Farm |
| 21:07 | Build | Farm |
| 21:07 | Build | Farm |
| 21:07 | Build | Farm |
| 21:08 | Build | Farm |
| 21:27 | Build | House |
| 21:30 | Build | House |
| 21:35 | Build | Farm |
| 21:36 | Queue | Villager (Male) |
| 21:46 | Queue | Villager (Male) |
| 21:53 | Build | House |
| 21:54 | Build | House |
| 21:54 | Build | House |
| 22:14 | Build | Stable |
| 22:24 | Research | Scale Barding Armor |
| 22:31 | Build | Farm |
| 22:34 | Queue | Villager (Male) |
| 22:46 | Build | House |
| 23:01 | Queue | Knight |
| 23:08 | Queue | Villager (Male) |
| 23:08 | Queue | Villager (Male) |
| 23:12 | Queue | Knight |
| 23:13 | Build | Farm |
| 23:14 | Build | Farm |
| 23:16 | Build | Farm |
| 23:21 | Build | House |
| 23:22 | Build | House |
| 23:37 | Research | Chain Barding Armor |
| 23:38 | Queue | Knight |
| 23:46 | Queue | Villager (Male) |
| 23:55 | Build | Farm |
Match timeline
| 4:23 | [CLB]PEGASO · first_building Dock |
| 4:26 | [CLB]PEGASO · wall_segment Palisade Wall x1 |
| 4:27 | [CLB]PEGASO · wall_segment Palisade Wall x1 |
| 4:50 | Santiago Villalobos · first_building Dock |
| 7:29 | Santiago Villalobos · wall_segment Palisade Wall x1 |
| 9:18 | Santiago Villalobos · age_up feudal |
| 9:44 | [CLB]PEGASO · age_up feudal |
| 10:29 | [CLB]PEGASO · wall_segment Palisade Wall x1 |
| 10:31 | [CLB]PEGASO · wall_segment Palisade Wall x1 |
| 10:32 | [CLB]PEGASO · wall_segment Palisade Wall x1 |
| 11:08 | [CLB]PEGASO · first_building Barracks |
| 11:54 | [CLB]PEGASO · wall_segment Palisade Wall x6 |
| 12:39 | [CLB]PEGASO · first_building Stable |
| 12:51 | [CLB]PEGASO · wall_segment Palisade Wall x5 |
| 13:30 | Santiago Villalobos · first_building Barracks |
| 14:30 | Santiago Villalobos · first_building Archery Range |
| 15:44 | Santiago Villalobos · age_up castle |
| 16:27 | [CLB]PEGASO · first_building Archery Range |
| 16:39 | Santiago Villalobos · first_market_sell 100 wood |
| 16:42 | Santiago Villalobos · first_market_buy 100 food |
| 17:56 | [CLB]PEGASO · wall_segment Palisade Wall x1 |
| 17:59 | [CLB]PEGASO · wall_segment Palisade Wall x1 |
| 18:57 | [CLB]PEGASO · first_market_buy 100 stone |
| 19:06 | [CLB]PEGASO · age_up castle |
| 22:14 | Santiago Villalobos · first_building Stable |
| 24:51 | [CLB]PEGASO · wall_segment Palisade Wall x1 |
| 26:18 | [CLB]PEGASO · first_building Monastery |
| 27:04 | [CLB]PEGASO · first_market_sell 100 food |
| 27:13 | [CLB]PEGASO · wall_segment Palisade Wall x4 |
| 28:23 | [CLB]PEGASO · wall_segment Palisade Wall x1 |
| 28:24 | [CLB]PEGASO · wall_segment Palisade Wall x1 |
| 30:24 | [CLB]PEGASO · age_up imperial |
| 32:56 | Santiago Villalobos · first_building Monastery |
| 37:31 | Santiago Villalobos · age_up imperial |
| 37:55 | Santiago Villalobos · resign |
[ AI ANALYSIS · 1 CREDIT ]
What really happened in this match?
Wolo.gg analyzes every decision: build order, eco, micro, common mistakes by bracket. Personalized analysis on WhatsApp or Discord in 30 seconds.
Civ guide
Huns
Perfil
Jugador #19029303